 Dungeon Sprint DCSS version 0.29.1-14-g9c671dbff4 (webtiles) character file.

Game seed: 18129556853676144530

527166 Groucho the Archmage (level 21, 244/244 HPs)
             Began as a Naga Wanderer on Feb 12, 2023.
             Was the Champion of Cheibriados.
             Escaped with the Orb!
             The game lasted 00:59:32 (15292 turns).

Groucho the Archmage (Naga Wanderer)               Turns: 15292, Time: 00:59:33

Health: 244/244    AC: 46    Str: 29    XL:     21   Next: 3%
Magic:  50/52      EV: 26    Int: 29    God:    Cheibriados [******]
Gold:   0          SH: 41    Dex: 37    Spells: 67/74 levels left

rFire   + . .      SeeInvis +   x - +0 staff of Battle
rCold   . . .      Faith    .   D - +18 shield of the Gong {rElec rN+ Will+ EV-5}
rNeg    + + +      Spirit   .   C - +15 Maxwell's patent armour {-Cast -Tele rElec Will+ rCorr}
rPois   +          Reflect  .   (no helmet)
rElec   +          Harm     .   X - +1 cloak {rPois}
rCorr   +          Rampage  .   u - +3 pair of gauntlets of War {Slay+5}
Will    +++++      Rage     3%  (no barding)
Stlth   .......... NoTele   +   G - amulet of Fuinump {rF+ Will+ Regen+}
HPRegen 1.30/turn  NoCast   +   L - ring of Moonluv {rElec rN++ Str-4 SInv}
MPRegen 0.33/turn               J - ring of Sunlight {rN+ Str+2 Int+3}

@: studying 2 skills, very slow
A: AC +7, large, see invisible, deformed body, poison resistance, slowness 2,
spit poison 1, naga tail 2, berserk 1
0: Orb of Zot
a: Spit Poison, Renounce Religion, Bend Time, Temporal Distortion, Slouch, Step
From Time


You escaped.
You worshipped Cheibriados.
Cheibriados was exalted by your worship.
You visited 1 branch

Inventory:

Hand Weapons
 x - the +0 staff of Battle (weapon)
   (You found it in the Dungeon)

   It enhances your conjuration magic.
   It summons a battlesphere in combat, with strength depending on Conjurations
   skill.
   Its strikes trigger the battlesphere's blasts.
 A - a +5 hand crossbow of flaming
 E - the +6 shillelagh "Devastator" {shatter}
   (You found it in the Dungeon)

   It releases a powerful concussive burst when it strikes, dealing extra damage
   to the target and all other foes adjacent to them.
 F - the +14 obsidian axe {vorpal, Mesm Drain Fly SInv}
   (You found it in the Dungeon)

   It inflicts extra damage upon your enemies.
   It occasionally summons demons to assist the wielder when it strikes in
   combat.
   Its wielder is mesmerised by any visible foes.
   It cannot be unequipped while any foes are visible.
   SInv:      It lets you see invisible.
   Fly:       It grants you flight.
   Drain:     It drains your maximum health when unequipped.
 K - the +9 arbalest "Pavudam" {penet, *Slow rElec rN++ Dex+3}
   (You found it in the Dungeon)

   Any ammunition fired by it passes through the targets it hits, potentially
   hitting all targets in its path until it reaches maximum range.
   Dex:       It affects your dexterity (+3).
   rElec:     It insulates you from electricity.
   rN:        It greatly protects you from negative energy.
   *Slow:     It may slow you when you take damage.
Armour
 a - +9 gold dragon scales
 t - the +10 tower shield of Ignorance {rN+ Int-4}
   (You found it in the Dungeon)

   Int:       It affects your intelligence (-4).
   rN:        It protects you from negative energy.
 u - the +3 pair of gauntlets of War (worn) {Slay+5}
   (You found it in the Dungeon)

   Slay:      It affects your accuracy & damage with ranged weapons and melee
   (+5).
 C - the +15 Maxwell's patent armour (worn) {-Cast -Tele rElec Will+ rCorr}
   (You found it in the Dungeon)

   rElec:     It insulates you from electricity.
   -Cast:     It prevents spellcasting.
   -Tele:     It prevents most forms of teleportation.
   rCorr:     It protects you from acid and corrosion.
   Will:      It increases your willpower.
 D - the +18 shield of the Gong (worn) {rElec rN+ Will+ EV-5}
   (You found it in the Dungeon)

   It is deafeningly noisy when blocking attacks.
   EV:        It affects your evasion (-5).
   rElec:     It insulates you from electricity.
   rN:        It protects you from negative energy.
   Will:      It increases your willpower.
 P - the +1 pair of gloves of the Jackalope {Regen+ Str+4 Slay+3}
   (You found it in the Dungeon)

   Str:       It affects your strength (+4).
   Slay:      It affects your accuracy & damage with ranged weapons and melee
   (+3).
   Regen:     It increases your rate of health regeneration.
 X - a +1 cloak of poison resistance (worn)
Jewellery
 v - the ring "Upuliri" {rPois rF+ AC+4}
   (You took it off an orc knight in the Dungeon)

   [ring of protection]

   AC:        It affects your AC (+4).
   rF:        It protects you from fire.
   rPois:     It protects you from poison.
 G - the amulet of Fuinump (around neck) {rF+ Will+ Regen+}
   (You found it in the Dungeon)

   [amulet of regeneration]

   rF:        It protects you from fire.
   Regen:     It increases your rate of health regeneration.
   Will:      It increases your willpower.
 J - the ring of Sunlight (right hand) {rN+ Str+2 Int+3}
   (You found it in the Dungeon)

   [ring of positive energy]

   Str:       It affects your strength (+2).
   Int:       It affects your intelligence (+3).
   rN:        It protects you from negative energy.
 L - the ring of Moonluv (left hand) {rElec rN++ Str-4 SInv}
   (You found it in the Dungeon)

   [ring of see invisible]

   Str:       It affects your strength (-4).
   rElec:     It insulates you from electricity.
   rN:        It greatly protects you from negative energy.
   SInv:      It lets you see invisible.
 M - the ring of the Hare {EV+8}
   (You found it in the Dungeon)

   [ring of evasion]

   EV:        It affects your evasion (+8).
 N - an amulet of the acrobat
 R - a +4 ring of slaying
 S - the amulet of Zaovuott {Acrobat Fly rPois Int+2}
   (You found it in the Dungeon)

   [amulet of the acrobat]

   It increases your evasion while moving and waiting.
   Int:       It affects your intelligence (+2).
   rPois:     It protects you from poison.
   Fly:       It grants you flight.
 T - a +4 ring of slaying
 W - the ring of Activism {rPois rF+++}
   (You took it off a frost giant in the Dungeon)

   [ring of poison resistance]

   rF:        It renders you almost immune to fire.
   rPois:     It protects you from poison.
 Z - a ring of positive energy
Wands
 b - a wand of polymorph (4)
 r - a wand of mindburst (7)
 s - a wand of quicksilver (7)
Scrolls
 c - 5 scrolls of blinking
 n - 4 scrolls of amnesia
 o - 7 scrolls of butterflies
 p - 5 scrolls of identify
 q - 2 scrolls of fear
 V - 9 scrolls of brand weapon
Potions
 d - 2 potions of brilliance
 e - 10 potions of curing
 f - 4 potions of heal wounds
 g - 13 potions of haste
 h - 3 potions of magic
 i - 3 potions of berserk rage
 j - 2 potions of invisibility
 k - 4 potions of resistance
 m - 7 potions of might


   Skills:
 O Level 27 Fighting
 + Level 8.4 Staves
 - Level 23.0 Ranged Weapons
 + Level 24.2 Armour
 + Level 24.1 Dodging
 O Level 27 Shields
 O Level 27 Spellcasting
 * Level 13.0 Conjurations
 - Level 3.0 Necromancy
 - Level 15.1 Invocations
 - Level 4.0 Evocations


You had 67 spell levels left.
You knew the following spells:

 Your Spells              Type           Power      Damage    Failure   Level
a - Necrotise             Necr           100%       1d9       1%          1
b - Magic Dart            Conj           100%       1d8       0%          1
c - Iskenderun's Battles  Conj           100%       2d15      1%          5

Your spell library contained the following spells:

 Spells                   Type           Power      Damage    Failure   Level
 Searing Ray              Conj           100%       2d8       0%          2
 Foxfire                  Conj/Fire      100%       2x1d9     1%          1
 Static Discharge         Conj/Air       86%        3-14/arc  1%          2
 Sublimation of Blood     Necr           54%        N/A       1%          2
 Dazzling Flash           Conj/Hex       100%       N/A       1%          3
 Mephitic Cloud           Conj/Pois/Air  77%        N/A       1%          3
 Stone Arrow              Conj/Erth      100%       3d13      1%          3
 Vampiric Draining        Necr           54%        2d9       1%          3
 Fulminant Prism          Conj/Hex       43%        3d20      1%          4
 Iskenderun's Mystic Bla  Conj/Tloc      86%        2d17      1%          4
 Sticky Flame             Conj/Fire      86%        2d10      1%          4
 Apportation              Tloc           78%        N/A       2%          1
 Beastly Appendage        Tmut           78%        N/A       2%          1
 Freeze                   Ice            100%       1d11      2%          1
 Slow                     Hex            100%       N/A       2%          1
 Sting                    Tmut/Pois      100%       1d8       2%          1
 Summon Small Mammal      Summ           100%       N/A       2%          1
 Blink                    Tloc           78%        N/A       3%          2
 Call Imp                 Summ           39%        N/A       3%          2
 Poisonous Vapours        Pois/Air       78%        N/A       3%          2
 Scorch                   Fire           78%        2d9       3%          2
 Wereblood                Tmut           39%        N/A       3%          2
 Fireball                 Conj/Fire      43%        3d17      4%          5
 Irradiate                Conj/Tmut      43%        3d26      4%          5
 Lightning Bolt           Conj/Air       43%        1d62      4%          5
 Call Canine Familiar     Summ           39%        N/A       6%          3
 Confusing Touch          Hex            39%        N/A       6%          3
 Frozen Ramparts          Ice            78%        1d12      6%          3
 Gell's Gravitas          Tloc           39%        N/A       6%          3
 Inner Flame              Hex/Fire       39%        N/A       6%          3
 Lesser Beckoning         Tloc           39%        N/A       6%          3
 Ozocubu's Armour         Ice            39%        N/A       6%          3
 Portal Projectile        Hex/Tloc       78%        N/A       6%          3
 Spider Form              Tmut/Pois      39%        N/A       6%          3
 Summon Guardian Golem    Hex/Summ       39%        N/A       6%          3
 Teleport Other           Tloc           39%        N/A       6%          3
 Tukima's Dance           Hex            39%        N/A       6%          3
 Animate Dead             Necr           54%        N/A       6%          4
 Dispel Undead            Necr           54%        3d20      6%          4
 Orb of Destruction       Conj           53%        9d13      9%          7
 Freezing Cloud           Conj/Ice/Air   38%        6-21      10%         5
 Anguish                  Hex/Necr       23%        N/A       12%         4
 Corpse Rot               Necr/Pois/Air  44%        N/A       14%         4
 Agony                    Necr           54%        N/A       17%         5
 Airstrike                Air            19%        2d(3-19)  22%         4
 Animate Armour           Summ/Erth      78%        N/A       22%         4
 Cause Fear               Hex            19%        N/A       22%         4
 Ice Form                 Ice/Tmut       39%        N/A       22%         4
 Leda's Liquefaction      Hex/Erth       19%        N/A       22%         4
 Olgreb's Toxic Radiance  Pois           39%        N/A       22%         4
 Passage of Golubria      Tloc           39%        N/A       22%         4
 Petrify                  Tmut/Erth      39%        N/A       22%         4
 Summon Ice Beast         Ice/Summ       39%        N/A       22%         4
 Summon Lightning Spire   Summ/Air       39%        N/A       22%         4
 Conjure Ball Lightning   Conj/Air       43%        3x3d15    22%         6
 Iron Shot                Conj/Erth      43%        9d8       22%         6
 Starburst                Conj/Fire      43%        6d12      22%         6
 Borgnjor's Vile Clutch   Necr/Erth      23%        N/A       32%         5
 Alistair's Intoxication  Tmut/Pois      26%        N/A       52%         5
 Blade Hands              Tmut           19%        N/A       52%         5
 Lee's Rapid Deconstruct  Erth           19%        3d12*     52%         5
 Manifold Assault         Tloc           39%        N/A       52%         5
 Metabolic Englaciation   Hex/Ice        19%        N/A       52%         5
 Silence                  Hex/Air        19%        N/A       52%         5
 Summon Forest            Summ/Tloc      19%        N/A       52%         5
 Summon Mana Viper        Hex/Summ       39%        N/A       52%         5
 Yara's Violent Unravell  Hex/Tmut       19%        3d9       52%         5
 Death Channel            Necr           27%        N/A       67%         6
 Spellforged Servitor     Conj/Summ      43%        N/A       77%         7
 Simulacrum               Ice/Necr       23%        N/A       87%         6
 Dispersal                Tloc           19%        N/A       97%         6
 Eringya's Noxious Bog    Tmut/Pois      19%        N/A       97%         6
 Statue Form              Tmut/Erth      26%        N/A       97%         6
 Dragon Form              Tmut           19%        N/A       100%        7
 Haunt                    Necr/Summ      23%        N/A       100%        7
 Malign Gateway           Summ/Tloc      19%        N/A       100%        7
 Monstrous Menagerie      Summ           19%        N/A       100%        7
 Ozocubu's Refrigeration  Ice            19%        4d11      100%        7
 Storm Form               Tmut/Air       19%        N/A       100%        7
 Summon Hydra             Summ           19%        N/A       100%        7
 Borgnjor's Revivificati  Necr           27%        N/A       100%        8
 Discord                  Hex            19%        N/A       100%        8
 Disjunction              Tloc           19%        N/A       100%        8
 Ignition                 Fire           19%        3d7       100%        8
 Infestation              Necr           27%        N/A       100%        8
 Lehudib's Crystal Spear  Conj/Erth      43%        10d10     100%        8
 Maxwell's Capacitive Co  Air            19%        ∞         100%        8
 Necromutation            Tmut/Necr      23%        N/A       100%        8
 Chain Lightning          Conj/Air       43%        3d57      100%        9
 Death's Door             Necr           27%        N/A       100%        9
 Polar Vortex             Ice            19%        N/A       100%        9


Dungeon Overview and Level Annotations

Branches:
Dungeon (1/1)

Altars:
Ashenzari
Cheibriados
Dithmenos
Elyvilon
Fedhas
Gozag
Hepliaklqana
Kikubaaqudgha
Makhleb
Nemelex Xobeh
Okawaru
Qazlal
Ru
Sif Muna
Trog
Uskayaw
Vehumet
Wu Jian
Xom
Yredelemnul
Zin
The Shining One
Jiyva
Lugonu


Innate Abilities, Weirdness & Mutations

Your serpentine skin is tough. (AC +7)
You have supernaturally acute eyesight. (SInv)
Armour fits poorly on your strangely shaped body.
Your system is resistant to poisons. (rPois)
You cover ground very slowly.
You can spit poison.
You can use your snake-like lower body to constrict enemies.
You sometimes lose your temper in combat.


Message History

The bolt of fire hits you. You resist.
Your battlesphere fires!
The barrage of energy hits the balrug!!
You kill the balrug!
Cheibriados thoroughly appreciates the change of pace.
Your Staves skill increases to level 8!
You hear a shout!
You see here a +0 demon whip.
You hear a shout!
You see here a +2 scythe of freezing.
You hear a shout! x3
Things that are here:
a +5 scimitar of holy wrath; a +0 tower shield You hear a shout! x2
You see here a +2 scythe of freezing.
You hear a shout! x5
Things that are here:
a +0 glaive; a +0 scale mail
Items here: )))))))) [[[[[[.
You hear a shout!
There is a staircase leading out of the dungeon, spattered with blood here.
You feel more experienced!
Your Conjurations skill increases to level 13!
You have reached level 21!
Your experience leads to an increase in your attributes!
Your base attributes are Str 16, Int 11, Dex 20.
Increase (S)trength, (I)ntelligence, or (D)exterity?
You feel agile. x2; Your skin feels tougher.
You hear a shout!
Unknown command.
Unknown command.
Unknown command.
You swap places.
You hear a shout!
Items here: )))))))) [[[[[[.
You swap places.
You hear a shout! x2
There is a staircase leading out of the dungeon, spattered with blood here.
You hear a shout!
You have escaped!

.))).).)....▓..▓.......▓..▓...8©8
.))).).))...▓.▓▓▓..)..▓▓▓.▓..=.|.
(...))......▓..▓.......▓..▓..)}).
....).).....▓.............▓......
............▓......©......▓......
...)........▓▓▓▓▓▓▓▓▓▓▓▓▓▓▓......
............▓8888888888888▓......
▓.......▓...▓8...)....)..8▓..▓...
............▓8..@*))).©..8▓......
............▓8.....).....8▓....©.
....©.......▓8888888888888▓▓▓▓▓▓▓
▓▓▓▓▓▓▓▓▓▓▓▓▓▓▓▓▓▓▓▓▓▓▓▓▓▓▓▓▓▓▓▓▓
.....8©8........▓........8©8.....
|)).))}:|)})|}[.▓.)...}:)[).)|)|.
.|.)}).)|)...[..▓..:.}[:}}....:=.
||):|}))}}=).):.▓.)[=[)|.).)).}||
....)).....)....▓........}))=....


You could see a friendly battlesphere.

Vanquished Creatures
  A seraph (D)
  An ancient lich (D)
  2 Killer Klowns (D)
  A caustic shrike (D)
  2 golden dragons (D)
  2 Brimstone Fiends (D)
  2 Tzitzimimeh (D)
  A lich (D)
  3 pandemonium lords (D)
  2 tentacled monstrosities (D)
  22 Orb Guardians (D)
  A quicksilver dragon (D)
  A deep elf blademaster (D)
  6 deep elf master archers (D)
  4 death cobs (D)
  An acid blob (D)
  2 Executioners (D)
  3 ancient champions (D)
  3 tentacled starspawn (D)
  A shadow dragon (D)
  A storm dragon (D)
  2 nagarajas (D)
  2 daevas (D)
  A demonspawn warmonger (D)
  2 azure jellies (D)
  A rockslime (D)
  2 draconian monks (D)
  A quicksilver elemental (D)
  2 draconian knights (D)
  4 frost giants (D)
  3 narguns (D)
  A ghost moth (D)
  7 deep elf sorcerers (D)
  4 cacodemons (D)
  9 orc warlords (D)
  A draconian scorcher (D)
  3 balrugs (D)
  5 draconian shifters (D)
  A quicksilver ooze (D)
  An angel (D)
  4 draconian annihilators (D)
  2 war gargoyles (D)
  3 draconian stormcallers (D)
  A demonspawn corrupter (D)
  A reaper (D)
  7 stone giants (D)
  4 starcursed masses (D)
  13 green draconians (D)
  5 black draconians (D)
  4 deep elf annihilators (D)
  A wendigo (D)
  10 yellow draconians (D)
  2 lorocyprocas (D)
  7 purple draconians (D)
  16 white draconians (D)
  8 red draconians (D)
  A merfolk javelineer (D)
  2 green deaths (D)
  An iron golem (D)
  3 blizzard demons (D)
  2 yaktaur captains (D)
  5 great orbs of eyes (D)
  6 deep elf high priests (D)
  4 ice dragons (D)
  A hell beast (D)
  5 naga warriors (D)
  7 centaur warriors (D)
  4 anacondas (D)
  3 dancing weapons (D)
  5 thrashing horrors (D)
  4 orc high priests (D)
  A hell hog (D)
  2 deep elf knights (D)
  A soul eater (D)
  9 sun demons (D)
  A crystal echidna (D)
  2 sixfirhies (D)
  3 cherubim (D)
  A deep elf archer (D)
  A phantasmal warrior (D)
  11 orc knights (D)
  4 deep elf pyromancers (D)
  3 deep elf zephyrmancers (D)
  8 large abominations (D)
  4 cyclopes (D)
  6 orc sorcerers (D)
  A worldbinder (D)
  An apocalypse crab (D)
  7 guardian serpents (D)
  6 moths of wrath (D)
  6 naga magi (D)
  8 black mambas (D)
  A rust devil (D)
  3 orange demons (D)
  3 hellions (D)
  A cane toad (D)
  An eye of devastation (D)
  6 smoke demons (D)
  3 efreet (D)
  An ancient zyme (D)
  2 yaktaurs (D)
  A freezing wraith (D)
  A demonic crawler (D)
  A rime drake (D)
  An ice devil (D)
  5 tormentors (D)
  2 hellwings (D)
  2 trolls (D)
  A meliai (shapeshifter) (D)
  A tarantella (shapeshifter) (D)
  A polar bear (D)
  19 slime creatures (D)
  A blink frog (D)
  2 raiju (D)
  2 flying skulls (D)
  2 spriggans (D)
  An air elemental (D)
  2 jumping spiders (D)
  3 ynoxinuls (D)
  A water elemental (D)
  4 yaks (D)
  A wraith (D)
  2 fire elementals (D)
  10 golden eyes (D)
  A basilisk (D)
  A warg (D)
  2 neqoxecs (D)
  5 nagas (D)
  4 hell hounds (D)
  3 floating eyes (D)
  14 water moccasins (D)
  6 small abominations (D)
  21 orc warriors (D)
  A sky beast (D)
  2 wolves (D)
  A black bear (D)
  4 ogres (D)
  7 centaurs (D)
  2 phantoms (D)
  4 bullfrogs (D)
  6 scorpions (D)
  2 earth elementals (D)
  2 wights (D)
  2 crimson imps (D)
  2 quasits (D)
  4 orc priests (D)
  12 jellies (D)
  2 iron imps (D)
  2 orc wizards (D)
  2 mummies (D)
  7 adders (D)
  7 white imps (D)
  3 ufetubi (D)
  2 adder zombies (D)
  An adder skeleton (D)
  An adder simulacrum (D)
  10 ball pythons (D)
  A bat skeleton (D)
  2 bat zombies (D)
  7 endoplasms (D)
  5 ball python simulacra (D)
  5 bat simulacra (D)
  A quokka zombie (D)
  2 fire vortices (D)
  2 lurking horrors (D)
598 creatures vanquished.

Vanquished Creatures (collateral kills)
  A soul eater (D)
1 creature vanquished.

Vanquished Creatures (others)
  5 Ice Fiends (D)
  3 cacodemons (D)
  A balrug (D)
  3 blizzard demons (D)
  2 hell hogs (D)
  2 sun demons (D)
  3 sixfirhies (D)
  6 large abominations (D)
  2 harpies (D)
  A shining eye (shapeshifter) (D)
  A smoke demon (D)
  A hellion (D)
  An ice devil (D)
  4 hellwings (D)
  2 tormentors (D)
  A red devil (D)
  A slime creature (shapeshifter) (D)
  2 tarantellas (shapeshifter) (D)
  2 ynoxinuls (D)
  3 golden eyes (D)
  3 neqoxecs (D)
  5 chaos spawn (D)
  7 small abominations (D)
  A hell hound (D)
  A floating eye (shapeshifter) (D)
  A quasit (D)
  2 hell rats (D)
  5 white imps (D)
  2 starspawn tentacles (D)
73 creatures vanquished.

Grand Total: 672 creatures vanquished

Notes
Turn   | Place    | Note
-------+----------+-------------------------------------------
     0 | D        | Groucho the Naga Wanderer began the quest for the Orb.
     0 | D        | Groucho set off with the following items: a +0 club, a wand
                  | of polymorph (4), 2 scrolls of blinking, a +0 chain mail, a
                  | potion of curing, a potion of heal wounds, a potion of
                  | haste, 2 potions of magic, a potion of berserk rage; and
                  | the following spell memorised: Necrotise; and the following
                  | spells available to memorise: Vampiric Draining.
     0 | D        | Reached XP level 1. HP: 15/15 MP: 2/2
     0 | D        | Banished a spatial maelstrom
    12 | D        | Found a shimmering blue altar of Sif Muna.
    12 | D        | Found a bloodstained altar of Trog.
    12 | D        | Found a sacrificial altar of Ru.
    12 | D        | Found a stormy altar of Qazlal.
    12 | D        | Found an iron altar of Okawaru.
    13 | D        | Found a sparkling altar of Nemelex Xobeh.
    13 | D        | Found a blossoming altar of Fedhas.
    13 | D        | Found the +6 Majin-Bo {vamp, MP+6 Int+6}
    13 | D        | Found the +9 heavy crossbow "Sniper" {vorpal, Acc+∞ SInv}
    13 | D        | Found the +10 dark maul {vorpal}
    13 | D        | Found the +15 Maxwell's patent armour {-Cast -Tele rElec
                  | Will+ rCorr}
    13 | D        | Found the +18 shield of the Gong {rElec rN+ Will+ EV-5}
    13 | D        | Found the +14 obsidian axe {vorpal, Mesm Drain Fly SInv}
    13 | D        | Found the +7 great mace "Firestarter" {inner flame, rF++}
    13 | D        | Found the +6 shillelagh "Devastator" {shatter}
    13 | D        | Found the +11 plutonium sword {Contam Stlth-}
    13 | D        | Found the +8 lance "Wyrmbane" {slay drac, rPois rF+ rC+
                  | AC+3}
    13 | D        | Found the +9 sword of Zonguldrok {reap}
    13 | D        | Found the +13 scythe of Curses {drain, Drain}
    13 | D        | Found the +5 sword of Power {vorpal}
    13 | D        | Found the +7 mace of Variability {chain chaos}
    13 | D        | Found the +7 Singing Sword {vorpal, sonic wave}
    13 | D        | Found the +8 storm bow {elec, penet}
    15 | D        | Found a transporter.
    15 | D        | Found an ancient bone altar of Kikubaaqudgha.
    15 | D        | Found a viscous altar of Jiyva.
    15 | D        | Found a corrupted altar of Lugonu.
    15 | D        | Found a hazy altar of Hepliaklqana.
    15 | D        | Found a burning altar of Makhleb.
    15 | D        | Found an opulent altar of Gozag.
    44 | D        | Became a worshipper of Cheibriados the Contemplative
    98 | D        | Entered arena 2.
    98 | D        | Found a transporter.
   102 | D        | Reached skill level 1 in Fighting
   102 | D        | Reached skill level 1 in Dodging
   102 | D        | Reached skill level 1 in Shields
   102 | D        | Reached XP level 2. HP: 25/25 MP: 3/3
   103 | D        | Reached XP level 3. HP: 32/32 MP: 3/5
   291 | D        | Entered arena 3.
   291 | D        | Noticed a spriggan
   291 | D        | Noticed a black bear
   291 | D        | Noticed a spriggan
   291 | D        | Found a transporter.
   294 | D        | Killed a spriggan
   295 | D        | Reached XP level 4. HP: 45/45 MP: 6/9
   295 | D        | Reached XP level 5. HP: 51/51 MP: 6/10
   296 | D        | Killed a spriggan
   296 | D        | Killed a black bear
   296 | D        | Reached * piety under Cheibriados
   297 | D        | Reached skill level 5 in Fighting
   297 | D        | Reached skill level 5 in Armour
   297 | D        | Reached skill level 5 in Shields
   297 | D        | Reached XP level 6. HP: 62/62 MP: 6/12
   304 | D        | Got the amulet of Fuinump {rF+ Will+ Regen+}
   306 | D        | Got the ring "Dagokkav" {rCorr Str+4 Int+6}
   432 | D        | Entered arena 4.
   432 | D        | Noticed a jumping spider
   432 | D        | Found a transporter.
   435 | D        | Killed a jumping spider
   435 | D        | Reached ** piety under Cheibriados
   436 | D        | Reached skill level 5 in Dodging
   436 | D        | Reached skill level 10 in Invocations
   436 | D        | Reached XP level 7. HP: 69/69 MP: 12/14
   442 | D        | Got the Collected Works on Forms and Frostbite
   448 | D        | Entered arena 5.
   448 | D        | Noticed a jumping spider
   448 | D        | Found a transporter.
   450 | D        | Killed a jumping spider
   450 | D        | Reached *** piety under Cheibriados
   451 | D        | Reached XP level 8. HP: 78/78 MP: 14/16
   454 | D        | Reached **** piety under Cheibriados
   468 | D        | Entered arena 6.
   468 | D        | Found a transporter.
   471 | D        | Reached ***** piety under Cheibriados
   480 | D        | Entered arena 7.
   488 | D        | Reached ****** piety under Cheibriados
   492 | D        | Found a transporter.
   499 | D        | Got the ring of Sunlight {rN+ Str+2 Int+3}
   502 | D        | Got the Vellum of Heated Unholy Liturgies
   506 | D        | Got the +9 arbalest "Pavudam" {penet, *Slow rElec rN++
                  | Dex+3}
   531 | D        | Entered arena 8.
   531 | D        | Noticed a large abomination
   532 | D        | Found a transporter.
   534 | D        | Killed a large abomination
   535 | D        | Reached XP level 9. HP: 52/88 MP: 6/18
   820 | D        | Got the ring of Moonluv {rElec rN++ Str-4 SInv}
   834 | D        | Got the amulet of Temperance {RegenMP Contam rPois rF++
                  | rN+}
   837 | D        | Got the +1 pair of gloves of the Jackalope {Regen+ Str+4
                  | Slay+3}
   850 | D        | Entered arena 9.
   850 | D        | Noticed an eye of devastation
   853 | D        | Paralysed by a floating eye for 3 turns
   858 | D        | Killed an eye of devastation
   862 | D        | Found a transporter.
  1093 | D        | Entered arena 10.
  1093 | D        | Found the +5 demon whip "Spellbinder" {antimagic, Will+}
  1093 | D        | Noticed an efreet
  1093 | D        | Noticed a hell hog
  1093 | D        | Noticed an efreet
  1095 | D        | Killed a hell hog
  1095 | D        | Killed an efreet
  1095 | D        | Killed an efreet
  1096 | D        | Reached XP level 10. HP: 102/102 MP: 9/21
  1096 | D        | Found a transporter.
  1127 | D        | Entered arena 11.
  1130 | D        | Reached skill level 15 in Invocations
  1130 | D        | Found a transporter.
  1132 | D        | Reached skill level 10 in Fighting
  1142 | D        | Got the amulet of Zaovuott {Acrobat Fly rPois Int+2}
  1162 | D        | Entered arena 12.
  1162 | D        | Noticed an ancient champion
  1162 | D        | Noticed a crystal echidna
  1162 | D        | Noticed a war gargoyle
  1162 | D        | Noticed a caustic shrike
  1162 | D        | Noticed a quicksilver elemental
  1162 | D        | Noticed a war gargoyle
  1162 | D        | Noticed an ancient champion
  1162 | D        | Noticed an iron golem
  1163 | D        | Noticed an ancient champion
  1165 | D        | Killed a caustic shrike
  1165 | D        | Killed a war gargoyle
  1165 | D        | Killed an ancient champion
  1165 | D        | Killed a crystal echidna
  1165 | D        | Killed a quicksilver elemental
  1165 | D        | Killed a war gargoyle
  1166 | D        | Reached skill level 10 in Armour
  1166 | D        | Reached skill level 10 in Dodging
  1166 | D        | Reached skill level 10 in Shields
  1166 | D        | Reached XP level 11. HP: 114/114 MP: 11/23
  1166 | D        | Killed an ancient champion
  1166 | D        | Killed an ancient champion
  1178 | D        | HP: 2/115 [iron golem (18)]
  1187 | D        | Killed an iron golem
  1188 | D        | Reached skill level 1 in Ranged Weapons
  1188 | D        | Reached XP level 12. HP: 93/123 MP: 6/25
  1188 | D        | Found a transporter.
  1370 | D        | Entered arena 13.
  1371 | D        | Noticed a rockslime
  1371 | D        | Noticed an acid blob
  1373 | D        | Reached skill level 10 in Spellcasting
  1373 | D        | Killed a rockslime
  1374 | D        | Killed an acid blob
  1375 | D        | Found a transporter.
  1382 | D        | Got the Vellum of Flaming Dislocation
  1392 | D        | Got Tociunuf's Teachings on Darkness
  1411 | D        | Entered arena 14.
  1412 | D        | Noticed an anaconda
  1412 | D        | Noticed a naga warrior
  1414 | D        | Killed an anaconda
  1416 | D        | Found a transporter.
  1421 | D        | Killed a naga warrior
  1593 | D        | Entered arena 15.
  1597 | D        | Reached skill level 5 in Ranged Weapons
  1605 | D        | Found a transporter.
  1638 | D        | Entered arena 16.
  1639 | D        | Noticed an ice dragon
  1639 | D        | Noticed a frost giant
  1639 | D        | Noticed an ice dragon
  1639 | D        | Noticed a frost giant
  1639 | D        | Noticed an ice dragon
  1639 | D        | Noticed a blizzard demon
  1639 | D        | Noticed an ice dragon
  1640 | D        | Identified the ring of Activism {rPois rF+++}
  1640 | D        | Noticed a frost giant
  1643 | D        | Killed an ice dragon
  1643 | D        | Killed a blizzard demon
  1643 | D        | Killed an ice dragon
  1644 | D        | Gained mutation: You can use your snake-like lower body to
                  | constrict enemies. [Naga growth]
  1644 | D        | Reached XP level 13. HP: 86/134 MP: 13/29
  1644 | D        | Killed an ice dragon
  1644 | D        | Killed a frost giant
  1644 | D        | Killed an ice dragon
  1645 | D        | Killed a frost giant
  1645 | D        | Killed a frost giant
  1764 | D        | Found a transporter.
  1778 | D        | Got the Lectures on Dark Curses
  1826 | D        | Entered arena 17.
  1829 | D        | Noticed a nargun
  1829 | D        | Noticed a frost giant
  1829 | D        | Noticed a nargun
  1829 | D        | Noticed a nargun
  1830 | D        | Noticed a wendigo
  1831 | D        | Killed a nargun
  1832 | D        | Killed a nargun
  1832 | D        | Killed a frost giant
  1832 | D        | Killed a nargun
  1834 | D        | Killed a wendigo
  2057 | D        | Found a transporter.
  2072 | D        | Got the amulet of Vuloew {rPois Regen+}
  2086 | D        | Entered arena 18.
  2094 | D        | Found a transporter.
  2121 | D        | Got the Verses on Planar Glamour
  2131 | D        | Entered arena 19.
  2134 | D        | Noticed a great orb of eyes
  2134 | D        | Noticed a great orb of eyes
  2138 | D        | Killed a great orb of eyes
  2138 | D        | Killed a great orb of eyes
  2138 | D        | Noticed a quicksilver ooze
  2138 | D        | Noticed a great orb of eyes
  2139 | D        | Reached skill level 15 in Fighting
  2140 | D        | Killed a quicksilver ooze
  2141 | D        | Killed a great orb of eyes
  2141 | D        | Noticed a great orb of eyes
  2142 | D        | Reached skill level 15 in Spellcasting
  2142 | D        | Reached XP level 14. HP: 147/147 MP: 2/33
  2433 | D        | Found a transporter.
  2442 | D        | Got the Anthology of Confrontation
  2450 | D        | Got the Grimoire of Blows and Bruises
  2462 | D        | Got Sif Muna's Volume of Malediction and the Wayfarer
  2484 | D        | Entered arena 20.
  2489 | D        | Noticed an azure jelly
  2489 | D        | Found the +8 mithril axe "Arga" {speed, Will+}
  2492 | D        | Killed an azure jelly
  2492 | D        | Noticed an azure jelly
  2495 | D        | Killed an azure jelly
  2599 | D        | Found the +10 tower shield of Ignorance {rN+ Int-4}
  2600 | D        | Found a transporter.
  2712 | D        | Entered arena 21.
  2723 | D        | Noticed a stone giant
  2723 | D        | Noticed a deep elf master archer
  2727 | D        | Killed a stone giant
  2727 | D        | Killed a deep elf master archer
  2727 | D        | Noticed a stone giant
  2728 | D        | Reached skill level 15 in Shields
  2729 | D        | Reached skill level 10 in Ranged Weapons
  2729 | D        | Noticed a deep elf master archer
  2732 | D        | Killed a stone giant
  2739 | D        | Killed a deep elf master archer
  2985 | D        | Found the +4 skin of Zhor {*Englaciate rC+++ SInv}
  2986 | D        | Found a transporter.
  3006 | D        | Got The Arcane Secrets of Sorcery
  3084 | D        | Entered arena 22.
  3088 | D        | Noticed a stone giant
  3088 | D        | Identified the +8 long sword of the Crypt {protect, Contam
                  | rElec rPois Dex+7}
  3088 | D        | Identified the ring "Upuliri" {rPois rF+ AC+4}
  3089 | D        | Noticed an orc warlord
  3089 | D        | Noticed an orc warlord
  3091 | D        | Killed a stone giant
  3091 | D        | Noticed an orc warlord
  3093 | D        | Killed an orc warlord
  3093 | D        | Killed an orc warlord
  3094 | D        | Reached XP level 15. HP: 157/159 MP: 11/36
  3096 | D        | Killed an orc warlord
  3102 | D        | Noticed an orc warlord
  3110 | D        | Killed an orc warlord
  3382 | D        | Found the +2 hat of the Bear Spirit {Spirit, *Rage Will++}
  3384 | D        | Found a transporter.
  3438 | D        | Got the ring "Focwuumia" {rElec Int+6 Stlth+}
  3523 | D        | Entered arena 23.
  3559 | D        | Noticed a nagaraja
  3559 | D        | Noticed a nagaraja
  3559 | D        | Found the +8 Vampire's Tooth {vamp}
  3563 | D        | Killed a nagaraja
  3565 | D        | Reached skill level 15 in Armour
  3565 | D        | Reached skill level 15 in Dodging
  3565 | D        | Killed a nagaraja
  3566 | D        | Identified the +4 falchion of a Billion Places {protect,
                  | rF+ rN++}
  3947 | D        | Found a transporter.
  3962 | D        | Got the amulet "Ygaorish" {Faith *Corrode rC+++ Regen+
                  | Int+6}
  3977 | D        | Got the Almanac of the Zephyr
  4000 | D        | Entered arena 24.
  4022 | D        | Noticed a deep elf blademaster
  4022 | D        | Noticed a deep elf master archer
  4022 | D        | Noticed a deep elf sorcerer
  4022 | D        | Noticed a deep elf sorcerer
  4022 | D        | Noticed a deep elf master archer
  4022 | D        | Noticed a deep elf sorcerer
  4024 | D        | Killed a deep elf blademaster
  4024 | D        | Noticed a deep elf sorcerer
  4024 | D        | Identified the +5 falchion of Purpose {flame, Contam +Blink
                  | rC+ Int+2}
  4024 | D        | Noticed a deep elf sorcerer
  4025 | D        | Noticed a deep elf master archer
  4025 | D        | Killed a deep elf master archer
  4025 | D        | Killed a deep elf sorcerer
  4025 | D        | Killed a deep elf sorcerer
  4026 | D        | Identified the +10 quarterstaff "Isyalifu" {venom, *Corrode
                  | rElec rF+++ Will-}
  4027 | D        | Noticed a deep elf master archer
  4027 | D        | Killed a deep elf sorcerer
  4027 | D        | Killed a deep elf master archer
  4027 | D        | Killed a deep elf sorcerer
  4027 | D        | Killed a deep elf master archer
  4027 | D        | Killed a deep elf sorcerer
  4027 | D        | Identified the +10 dire flail of Buong {venom, Dex+4 SInv}
  4028 | D        | Reached XP level 16. HP: 114/174 MP: 14/40
  4029 | D        | Killed a deep elf master archer
  4037 | D        | Found a transporter.
  4098 | D        | Entered arena 25.
  4136 | D        | Found the ring of the Hare {EV+8}
  4138 | D        | Identified the ring "Vihana" {*Corrode rPois rF- Str+2
                  | Dex+7}
  4139 | D        | Identified the +4 ice dragon scales of the Healing Gods
                  | {rF- rC++ Int+7}
  4144 | D        | Reached skill level 15 in Ranged Weapons
  4267 | D        | Found a transporter.
  4324 | D        | Got the amulet of Pisodghaxeg {Harm rC- Regen+ Slay+5 SInv}
  4328 | D        | Got the ring of Wimeism {Ice Str+5}
  4335 | D        | Got the Vellum of Envenoming and Superposition
  4378 | D        | Entered arena 26.
  4403 | D        | Noticed a green draconian monk
  4403 | D        | Identified the +7 quarterstaff of Megalomania {freeze,
                  | *Rage Fly rElec rN+}
  4404 | D        | Noticed a green draconian monk
  4405 | D        | Identified the +7 dagger "Zossoub" {freeze, rElec}
  4408 | D        | Reached XP level 17. HP: 71/192 MP: 23/44
  4669 | D        | Found a transporter.
  4716 | D        | Got the Handbook of the Rocks
  4765 | D        | Got the Vellum of Superposition and the Wind
  4771 | D        | Got the Compilation of Charred Terrain
  4781 | D        | Entered arena 27.
  4817 | D        | Noticed a golden dragon
  4817 | D        | Noticed an Orb Guardian
  4817 | D        | Noticed a death cob
  4817 | D        | Noticed an Orb Guardian
  4817 | D        | Noticed an Orb Guardian
  4817 | D        | Noticed an Orb Guardian
  4817 | D        | Noticed a tentacled monstrosity
  4817 | D        | Noticed a Killer Klown
  4817 | D        | Noticed an Orb Guardian
  4817 | D        | Identified a ring of Dishonesty {rPois rC+ Will+}
  4818 | D        | Noticed a death cob
  4818 | D        | Noticed an Orb Guardian
  4818 | D        | Noticed a tentacled monstrosity
  4818 | D        | Noticed a quicksilver dragon
  4819 | D        | Killed an Orb Guardian
  4819 | D        | Killed an Orb Guardian
  4819 | D        | Killed an Orb Guardian
  4819 | D        | Killed an Orb Guardian
  4819 | D        | Killed a death cob
  4819 | D        | Identified the amulet of Xyosooh {rPois Regen+ Str-4 Int+3}
  4819 | D        | Noticed a golden dragon
  4819 | D        | Identified the +7 hand axe "Undertaker" {speed, rPois rCorr
                  | Dex+2}
  4820 | D        | Killed an Orb Guardian
  4820 | D        | Killed an Orb Guardian
  4820 | D        | Identified the +0 cloak "Cuyst" {rElec}
  4820 | D        | Identified the +8 flail of Responsibility {flame, rPois rF+
                  | Int+4 Stlth-}
  4820 | D        | Noticed an Orb Guardian
  4821 | D        | Killed a Killer Klown
  4821 | D        | Killed a golden dragon
  4821 | D        | Killed a quicksilver dragon
  4821 | D        | Killed a death cob
  4821 | D        | Identified the +5 war axe "Fish" {distort, Will++ Str+4
                  | Dex+2}
  4821 | D        | Identified the +6 glaive of Annoyance {speed, rElec rN+++}
  4821 | D        | Noticed an Orb Guardian
  4821 | D        | Noticed an Orb Guardian
  4821 | D        | Noticed an Orb Guardian
  4822 | D        | Reached XP level 18. HP: 191/207 MP: 20/48
  4822 | D        | Killed a tentacled monstrosity
  4822 | D        | Killed an Orb Guardian
  4822 | D        | Noticed an Orb Guardian
  4822 | D        | Noticed an Orb Guardian
  4823 | D        | Killed a tentacled monstrosity
  4823 | D        | Killed an Orb Guardian
  4823 | D        | Killed an Orb Guardian
  4824 | D        | Killed a golden dragon
  4824 | D        | Killed an Orb Guardian
  4824 | D        | Killed an Orb Guardian
  4825 | D        | Reached skill level 27 in Spellcasting
  4825 | D        | Killed an Orb Guardian
  4826 | D        | Noticed an Orb Guardian
  4828 | D        | Noticed an Orb Guardian
  4829 | D        | Noticed a Killer Klown
  4830 | D        | Killed an Orb Guardian
  4831 | D        | Killed an Orb Guardian
  4831 | D        | Noticed an Orb Guardian
  4833 | D        | Killed an Orb Guardian
  4835 | D        | Killed a Killer Klown
  5162 | D        | Found the ring of Shadows {Umbra +Inv Stlth+}
  5162 | D        | Found the +3 greatsling "Punk" {acid, rCorr}
  5176 | D        | Found a transporter.
  5271 | D        | Entered arena 28.
  5294 | D        | Found the +3 pair of gauntlets of War {Slay+5}
  5298 | D        | Noticed a lich
  5301 | D        | Killed a lich
  5304 | D        | Gained mutation: You are agile. (Dex +4, Str/Int -1) [a
                  | cacodemon]
  5305 | D        | Reached XP level 19. HP: 176/223 MP: 17/50
  5315 | D        | Identified the +9 plate armour "Beike" {rPois Stlth+}
  5338 | D        | Found the +3 pair of seven-league boots {Rampage+∞}
  5338 | D        | Found the +0 staff of Battle
  5338 | D        | Found the +8 trishula "Condemnation" {holy, anguish, *Noise
                  | Fly rN+}
  5341 | D        | Found a transporter.
  5378 | D        | Found the +5 glaive of the Guard {elec, spectral, AC+5}
  5379 | D        | Got Sif Muna's Tractate on the Blizzard and Blasts
  5380 | D        | Found the +8 whip "Snakebite" {venom, curare, rPois}
  5380 | D        | Found the +7 great mace "Undeadhunter" {disrupt, rN+}
  5429 | D        | Got the amulet of Ceerige Cick {rF+ Regen+ MP+9 Int+4}
  5439 | D        | Got the ring of Immorality {*Slow Will- rCorr EV+4 Int+6}
  5447 | D        | Got the Orb of Zot
  7401 | D        | Noticed a seraph
  7405 | D        | Killed a seraph
  7406 | D        | Reached skill level 27 in Fighting
  8070 | D        | Noticed a Brimstone Fiend
  8074 | D        | Killed a Brimstone Fiend
  9414 | D        | Noticed a golden dragon
 11529 | D        | Noticed a Brimstone Fiend
 11533 | D        | Killed a Brimstone Fiend
 12143 | D        | Reached skill level 1 in Conjurations
 12295 | D        | Learned a level 1 spell: Magic Dart
 12314 | D        | Learned a level 5 spell: Iskenderun's Battlesphere
 12829 | D        | Reached skill level 5 in Conjurations
 12911 | D        | Noticed a Tzitzimitl
 12917 | D        | Killed a Tzitzimitl
 12918 | D        | Reached skill level 1 in Staves
 13750 | D        | Killed an Ice Fiend
 13850 | D        | Noticed Fotias the pandemonium lord
 13850 | D        | Noticed an ancient lich
 13859 | D        | Killed an ancient lich
 13863 | D        | Killed Fotias the pandemonium lord
 13892 | D        | Killed an Ice Fiend
 14195 | D        | Killed an Ice Fiend
 14199 | D        | Reached skill level 5 in Staves
 14199 | D        | Gained mutation: You sometimes lose your temper in combat.
                  | [a cacodemon]
 14301 | D        | Noticed Teinkyklyl the pandemonium lord
 14326 | D        | Killed Teinkyklyl the pandemonium lord
 14486 | D        | Noticed a Tzitzimitl
 14494 | D        | Killed a Tzitzimitl
 14495 | D        | Reached skill level 10 in Conjurations
 14505 | D        | Killed an Ice Fiend
 14558 | D        | Noticed Qunkeerie the pandemonium lord
 14559 | D        | Lost mutation: You are agile. (Dex +4, Str/Int -1) [a
                  | neqoxec]
 14571 | D        | Killed Qunkeerie the pandemonium lord
 15163 | D        | Reached skill level 27 in Shields
 15278 | D        | Reached XP level 20. HP: 236/236 MP: 45/51
 15288 | D        | Reached XP level 21. HP: 242/244 MP: 48/52
 15292 | D        | Escaped with the Orb!

Illustrated notes

Levels and vault maps discovered:
D:        sprint_v [room_start, room_1, room_2, room_3, room_4, room_5, room_6,
          room_7, room_8, room_9, room_10, room_11, room_12, room_13, room_14,
          room_15, room_16, room_17, room_18, room_19, room_20, room_21,
          room_22, room_23, room_24, room_25, room_26, room_27]

Skill      XL: |  1  2  3  4  5  6  7  8  9 10 11 12 13 14 15 16 17 18 19 20 |
---------------+-------------------------------------------------------------+-----
Fighting       | 1 2 4 5 6 8 9 11 12 13 15 16 18 21 23 26 27 | 27.0
Armour         | 2 3 5 7 8 10 11 13 14 16 17 19 21 24 | 24.2
Dodging        | 1 3 4 5 6 8 10 11 13 14 16 17 19 21 24 | 24.1
Shields        | 1 3 5 6 7 8 10 11 12 14 16 19 21 22 24 27 | 27.0
Invocations    | 2 3 6 9 10 12 14 15 | 15.1
Spellcasting   | 8 9 12 15 17 20 23 26 27 | 27.0
Ranged Weapons | 1 5 8 11 13 16 18 21 23 | 23.0
Conjurations   | 12 13 | 13.0
Staves         | 7 8 |  8.4
Necromancy     | |  3.0
Evocations     | |  4.0

Action                   |  1- 3 |  4- 6 |  7- 9 | 10-12 | 13-15 | 16-18 | 19-21 || total
-------------------------+-------+-------+-------+-------+-------+-------+-------++-------
Melee: Shillelagh        |     3 |     4 |    22 |    19 |       |       |       ||    48
       Staff             |       |       |       |       |       |       |   146 ||   146
       Constrict         |       |       |       |       |       |       |    22 ||    22
 Fire: Hand crossbow     |       |       |       |     7 |    30 |    20 |   127 ||   184
Invok: Slouch            |       |       |     7 |    15 |    50 |    43 |    32 ||   147
       Bend Time         |       |       |       |       |     1 |       |       ||     1
  Use: Potion            |       |       |       |     7 |     2 |     6 |     1 ||    16
       Scroll            |       |       |       |       |     2 |     1 |     7 ||    10
Armor: Plate armour      |       |     4 |    24 |    11 |    21 |    15 |    35 ||   110
Dodge: Dodged            |       |     1 |    11 |    12 |    22 |    25 |    54 ||   125
Block: Kite shield       |     6 |     7 |    51 |    57 |   102 |    42 |   225 ||   490
